 Dungeon Crawl Stone Soup version 0.23-a0-488-g5fd82c5 (webtiles) character file.

878 zishaf the Stinger (level 8, -5/46 HPs)
             Began as an Octopode Venom Mage on Dec 2, 2018.
             Slain by an ice beast (8 damage)
             ... on level 6 of the Dungeon.
             The game lasted 00:12:41 (5479 turns).

zishaf the Stinger (Octopode Venom Mage)            Turns: 5479, Time: 00:12:41

Health: -5/46      AC:  1    Str:  8      XL:     8   Next: 4%
Magic:  12/12      EV: 15    Int: 25      God:
Gold:   126        SH:  0    Dex: 11 (12) Spells: 7/13 levels left

rFire    + . .     SeeInvis .   o - +1 short sword of Shrieking Terror {flame, rElec Int+2} (curse)
rCold    . . .     Gourm    .   (no shield)
rNeg     . . .     Faith    .   (helmet restricted)
rPois    +         Spirit   .   A - amulet of magic regeneration
rElec    +         Reflect  .   h - +4 ring of intelligence
rCorr    .         Harm     .   k - ring of protection from fire
MR       .....                  u - ring of poison resistance
Stlth    ++++......             (no ring)
HPRegen  0.15/turn              (no ring)
MPRegen  0.38/turn              (no ring)
                                (no ring)
                                (no ring)

@: no status effects
A: almost no armour, stealthy swim, amphibious, 8 rings, constrict 8, camouflage
1, gelatinous body 1
a: no special abilities


You were on level 6 of the Dungeon.
You were not hungry.

You visited 1 branch of the dungeon, and saw 6 of its levels.

You collected 310 gold pieces.
You spent 184 gold pieces at shops.

Inventory:

Hand Weapons
 f - a +0 spear
 l - a +2 dagger of draining
 o - the cursed +1 short sword of Shrieking Terror (weapon) {flame, rElec Int+2}
   (You bought it in a shop on level 5 of the Dungeon)

   It has been specially enchanted to burn those struck by it, causing extra
   injury to most foes and up to half again as much damage against particularly
   susceptible opponents.
   It affects your intelligence (+2).
   It insulates you from electricity.
   It has a curse placed upon it.
 t - a +2 dire flail of draining
Missiles
 y - a throwing net (quivered)
Jewellery
 h - a +4 ring of intelligence (left tentacle)
 k - a ring of protection from fire (right tentacle)
 q - an uncursed amulet of faith
 u - a ring of poison resistance (on tentacle)
 A - an amulet of magic regeneration (around mantle)
 C - an uncursed ring of poison resistance
Scrolls
 a - a scroll of amnesia {unknown}
 c - a scroll of enchant weapon {unknown}
 g - a scroll of noise {unknown}
 j - 2 scrolls of fog {unknown}
 m - 3 scrolls of enchant armour
 n - a scroll of teleportation {unknown}
 w - 2 scrolls of immolation {unknown}
 x - a scroll of blinking {unknown}
 z - 2 scrolls of random uselessness {unknown}
 B - 3 scrolls of remove curse
 E - a scroll of magic mapping {unknown}
Potions
 d - 4 potions of flight
 e - 2 potions of might
 i - a potion of mutation
 p - 3 potions of resistance {unknown}
 r - 2 potions of cancellation
 s - 3 potions of curing
 v - a potion of brilliance
 D - a potion of agility {unknown}
 F - 2 potions of heal wounds {unknown}
 G - 2 potions of berserk rage {unknown}
Comestibles
 b - 8 rations
 H - 6 chunks of flesh


   Skills:
 + Level 4.8 Dodging
 - Level 5.0 Stealth
 - Level 3.0 Spellcasting
 - Level 2.0 Conjurations
 + Level 4.0 Air Magic
 + Level 6.4 Poison Magic


You had 7 spell levels left.
You knew the following spells:

 Your Spells              Type           Power        Failure   Level  Hunger
a - Sting                 Conj/Pois      ####         1%          1    None
b - Poisonous Vapours     Pois/Air       ####..       1%          2    ##.....
c - Mephitic Cloud        Conj/Pois/Air  ###.....     5%          3    ###....

Your spell library contained the following spells:

 Spells                   Type           Power        Failure   Level  Hunger
 Olgreb's Toxic Radiance  Pois           #####...     7%          4    ####...
 Venom Bolt               Conj/Pois      ####......   43%         5    ######.


Dungeon Overview and Level Annotations

Branches:
Dungeon (6/15)
 Temple: D:4-7

Altars:
Nemelex Xobeh

Shops:
D:5 (


Innate Abilities, Weirdness & Mutations

You cannot wear most types of armour.
You are very stealthy in the water. (Stealth+)
You are amphibious.
You can wear up to eight rings at the same time.
You can use your tentacles to constrict eight enemies at once.
Your skin changes colour to match your surroundings (Stealth+).
Your rubbery body absorbs attacks. (AC +1, EV +1)


Message History

You hit the ice beast but do no damage.
The ice beast is moderately wounded.
The ice beast hits you. The ice beast freezes you. The ice beast misses you.
You hit the ice beast.
You melt the ice beast.
The ice beast is moderately wounded.
The ice beast hits you. The ice beast freezes you!
* * * LOW HITPOINT WARNING * * *
You hit the ice beast.
You melt the ice beast.
The ice beast is heavily wounded.
The ice beast closely misses you.
You hit the ice beast.
You melt the ice beast.
Your squeeze misses the ice beast.
The ice beast is heavily wounded.
The ice beast completely misses you.
You hit the ice beast.
You melt the ice beast.
The ice beast is heavily wounded.
The ice beast hits you.
* * * LOW HITPOINT WARNING * * *
The ice beast freezes you!
You die...

##### .######....
.......<... ######
#######.###
#....#########....
#.##..............
#@##..########..##
#######Y##).# #....
#......h##..# ##.##
#.......##.÷#########.#
#...[(..##.÷..........#
....$...###.###########
#.......# #.# #.......#
#.. #.......# ##.


You could see an ice beast and a jackal.

Vanquished Creatures
  Edmund (D:5)
  An ogre (D:5)
  A bullfrog (D:6)
  A howler monkey (D:6)
  A quasit (D:5)
  A bullfrog zombie (D:5)
  An orc priest (D:3)
  An orc wizard (D:3)
  2 bullfrog skeletons
  An iguana (D:4)
  Natasha (twice) (D:3)
  6 worker ants
  A killer bee zombie (D:6)
  A howler monkey zombie (D:5)
  A worker ant zombie (D:5)
  5 adders
  An ooze (D:2)
  An adder skeleton (D:5)
  A worm (D:2)
  2 dart slugs
  A leopard gecko (D:2)
  2 orcs
  8 bats
  7 giant cockroaches
  7 goblins
  8 hobgoblins
  4 jackals
  2 ball pythons (D:2)
  5 frilled lizards
  7 kobolds
  A quokka skeleton (D:4)
  2 rats
86 creatures vanquished.

Notes
Turn   | Place    | Note
-------+----------+-------------------------------------------
     0 | D:1      | zishaf the Octopode Venom Mage began the quest for the Orb.
     0 | D:1      | Reached XP level 1. HP: 11/11 MP: 3/3
   191 | D:1      | Reached XP level 2. HP: 15/17 MP: 1/5
   201 | D:1      | Learned a level 2 spell: Poisonous Vapours
   845 | D:1      | Reached XP level 3. HP: 15/21 MP: 1/6
   894 | D:1      | Learned a level 3 spell: Mephitic Cloud
  1260 | D:2      | Reached skill level 4 in Poison Magic
  1560 | D:2      | Reached XP level 4. HP: 19/27 MP: 7/7
  2017 | D:3      | Noticed Natasha
  2022 | D:3      | Killed Natasha
  2086 | D:3      | Reached skill level 1 in Air Magic
  2328 | D:3      | Noticed Natasha
  2338 | D:3      | Killed Natasha
  2338 | D:3      | Reached XP level 5. HP: 12/31 MP: 3/9
  3178 | D:4      | Reached XP level 6. HP: 29/36 MP: 10/10
  3713 | D:4      | Reached skill level 5 in Poison Magic
  3920 | D:5      | Entered Level 5 of the Dungeon
  3958 | D:5      | Reached skill level 5 in Stealth
  4213 | D:5      | Reached XP level 7. HP: 41/41 MP: 5/11
  4546 | D:5      | Found a sparkling altar of Nemelex Xobeh.
  4560 | D:5      | Noticed Edmund
  4871 | D:5      | Found Fugif's Antique Weapon Emporium.
  4898 | D:5      | Bought a slimy short sword for 184 gold pieces
  4898 | D:5      | Identified the cursed +1 short sword of Shrieking Terror
                  | {flame, rElec Int+2} (You bought it in a shop on level 5 of
                  | the Dungeon)
  5002 | D:5      | Killed Edmund
  5002 | D:5      | Reached skill level 6 in Poison Magic
  5326 | D:6      | Reached XP level 8. HP: 46/46 MP: 9/12
  5479 | D:6      | Slain by an ice beast

Vault maps used:
D:1:      co_arrival_square_in_a_square_in_a_square, minmay_pentomino_v4
D:2:      minmay_angry_zag
D:3:      uniq_natasha
D:5:      old_standard_altar, first_ration, serial_shops, shop, uniq_edmund

Skill      XL: |  1  2  3  4  5  6  7 |
---------------+----------------------+-----
Stealth        | 3 4 5 |  5.0
Poison Magic   | 4 5 6 |  6.4
Air Magic      | 1 2 4 |  4.0
Spellcasting   | 3 |  3.0
Conjurations   | 2 |  2.0
Dodging        | 3 4 |  4.8

Action                   |  1- 3 |  4- 6 |  7- 9 || total
-------------------------+-------+-------+-------++-------
Melee: Unarmed           |    10 |       |       ||    10
       Constrict         |    18 |    17 |     8 ||    43
       Tentacles         |    10 |    11 |     6 ||    27
       Spear             |    74 |    90 |    10 ||   174
       Short sword       |       |       |    31 ||    31
       Dagger            |       |       |    13 ||    13
 Cast: Sting             |    22 |       |       ||    22
       Poisonous Vapours |     4 |    26 |    18 ||    48
       Mephitic Cloud    |       |     1 |     2 ||     3
  Use: Potion            |       |     1 |       ||     1
       Scroll            |       |       |     8 ||     8
 Stab: Sleeping          |     5 |     7 |     2 ||    14
  Eat: Chunk             |     2 |     6 |     2 ||    10
       Ration            |       |     1 |     1 ||     2
Armor: Skin              |     8 |     7 |     4 ||    19
Dodge: Dodged            |    39 |    69 |    58 ||   166

Table legend:
 A = Non-vault XP
 B = Vault XP
 C = Vault XP percentage of total XP
 D = Non-vault monster count
 E = Vault monster count
 F = Vault count percentage of total count
                 A         B        C        D         E       F
            +---------+---------+-------+---------+---------+-------
      Total |    1019 |     236 |  18.8 |      75 |      11 |  12.8
            +---------+---------+-------+---------+---------+-------
        D:1 |      26 |      10 |  27.8 |      15 |       4 |  21.1
        D:2 |      47 |      18 |  27.7 |      18 |       5 |  21.7
        D:3 |     149 |      35 |  19.0 |      11 |       1 |   8.3
        D:4 |     215 |       0 |   0.0 |      12 |       0 |   0.0
        D:5 |     399 |     173 |  30.2 |      13 |       1 |   7.1
        D:6 |     183 |       0 |   0.0 |       6 |       0 |   0.0
            +---------+---------+-------+---------+---------+-------
